 Dungeon Crawl Stone Soup version 0.24.0-2-g5b39cebb1c (webtiles) character file.

Game seed: 8472384598992465428, levelgen mode: deterministic

88 inmateoo the Skirmisher (level 4, -6/37 HPs)
             Began as a Mummy Fighter on Oct 30, 2019.
             Mangled by Grinder (8 damage)
             ... while paralysed by Grinder
             ... on level 3 of the Dungeon.
             The game lasted 00:02:17 (1923 turns).

inmateoo the Skirmisher (Mummy Fighter)             Turns: 1923, Time: 00:02:18

Health: -6/37      AC:  7    Str: 20    XL:     4   Next: 29%
Magic:  4/4        EV:  2    Int:  7    God:
Gold:   116        SH:  0    Dex: 11    Spells: 3/3 levels left

rFire    x . .     SeeInvis .   a - +0 long sword
rCold    + . .     Gourm    .   c - +0 shield
rNeg     + + +     Faith    .   b - +0 scale mail
rPois    ∞         Spirit   .   k - +0 helmet
rElec    .         Reflect  .   (no cloak)
rCorr    .         Harm     .   (no gloves)
MR       .....                  (no boots)
Stlth    ..........             (no amulet)
HPRegen  0.12/turn              (no ring)
MPRegen  0.09/turn              (no ring)

@: paralysed
A: no food or potions, fire vulnerability, cold resistance 1, negative energy
resistance 3, torment resistance, unbreathing
a: no special abilities


You were on level 3 of the Dungeon.
You were not hungry.

You visited 1 branch of the dungeon, and saw 3 of its levels.

You collected 116 gold pieces.

Inventory:

Hand Weapons
 a - a +0 long sword (weapon)
Armour
 b - a +0 scale mail (worn)
 c - a +0 shield (worn)
 k - a +0 helmet (worn)
Jewellery
 e - a +3 ring of intelligence {unknown}
 j - an uncursed amulet of harm {unknown}
 l - an uncursed ring of ice {unknown}
Scrolls
 d - 2 scrolls of teleportation {unknown}
 f - a scroll of fog {unknown}
 g - 5 scrolls of identify {unknown}
 h - 3 scrolls of remove curse {unknown}
 i - 2 scrolls of fear {unknown}
 m - a scroll of enchant armour {unknown}
 n - a scroll of blinking {unknown}
 o - a scroll of enchant weapon {unknown}


   Skills:
 * Level 4.2 Fighting
 + Level 2.8 Long Blades
 - Level 2.4 Armour
 - Level 2.4 Shields


You had 3 spell levels left.
You didn't know any spells.
Your spell library was empty.

Dungeon Overview and Level Annotations

Branches:
Dungeon (3/15)

Altars:

Annotations:
D:2 Purgy
D:3 Grinder


Innate Abilities, Weirdness & Mutations

You do not eat or drink.
Your flesh is vulnerable to fire.
You are immune to poison.
Your flesh is cold resistant. (rC+)
You are immune to negative energy. (rN+++)
You are immune to unholy pain and torment.
You can survive without breathing.


Message History

You slash Grinder!
Grinder is heavily wounded.
Grinder hits you but does no damage. Grinder hits you.
Unknown command.
You completely miss Grinder.
Grinder is heavily wounded.
Grinder hits you but does no damage.
You hit Grinder but do no damage.
Grinder is heavily wounded.
Grinder gestures at you.
You suddenly lose the ability to move!
Grinder completely misses you. Grinder hits you.
* * * LOW HITPOINT WARNING * * *
Grinder hits you.
* * * LOW HITPOINT WARNING * * *
Grinder hits you.
* * * LOW HITPOINT WARNING * * *
Grinder hits you!
You die...

.. #.....÷# ... #......# ....
#....... ...!##### #### #.......
......... ..# #.##+### ..$.....#
#.# #.#
........#####.###########†######
>........................†......
..........[...5@..<.............
...#..?.#####.##############....
# #....# #.# #.... #....# #.#
#.... ###### #.# #.... ..# #....
### #.... #....


You could see Grinder.

Vanquished Creatures
  3 adders
  2 worms (D:2)
  3 leopard geckos
  2 giant cockroaches
  5 goblins
  5 hobgoblins
  7 jackals
  7 kobolds
  A ball python (D:1)
  6 bats
  5 frilled lizards
  5 rats
51 creatures vanquished.

Notes
Turn   | Place    | Note
-------+----------+-------------------------------------------
     0 | D:1      | inmateoo the Mummy Fighter began the quest for the Orb.
     0 | D:1      | Reached XP level 1. HP: 18/18 MP: 1/1
    70 | D:1      | Reached XP level 2. HP: 22/24 MP: 2/2
   448 | D:1      | Reached XP level 3. HP: 27/29 MP: 3/3
   462 | D:1      | You fall into a shaft and drop 1 floor!
  1575 | D:3      | Reached skill level 4 in Fighting
  1588 | D:3      | Reached XP level 4. HP: 34/37 MP: 4/4
  1654 | D:3      | Noticed Purgy
  1867 | D:3      | Noticed Grinder
  1873 | D:3      | Paralysed by Grinder for 2 turns
  1882 | D:3      | Paralysed by Grinder for 3 turns
  1908 | D:3      | Paralysed by Grinder for 6 turns
  1918 | D:3      | Paralysed by Grinder for 7 turns
  1923 | D:3      | Mangled by Grinder

Levels and vault maps discovered:
D:1:      tarquinn_simple_flora_water_c, layout_basic, minmay_cut_off
D:2:      layout_basic
D:3:      layout_basic, uniq_purgy, uniq_grinder

Skill      XL: |  1  2  3 |
---------------+----------+-----
Long Blades    | 2 |  2.8
Fighting       | 4 |  4.2
Armour         | |  2.4
Shields        | |  2.4

Action                   |  1- 3 |  4- 6 || total
-------------------------+-------+-------++-------
Melee: Long sword        |   175 |    45 ||   220
Armor: Scale mail        |    87 |    31 ||   118
Dodge: Dodged            |    65 |    19 ||    84
Block: Shield            |    87 |    21 ||   108
       Rpst.: Long sword |    26 |     7 ||    33
